 Dungeon Crawl Stone Soup version 0.30-a0-462-gd5975efbca (webtiles) character file.

Game seed: 9870603462834205011

5173 NinjaNoafa the Thaumaturge (level 10, -5/78 HPs)
             Began as a Djinni Fire Elementalist on Dec 16, 2022.
             Was a Follower of Makhleb.
             Slain by a vault guard
             ... wielding a +0 broad axe
              (12 damage)
             ... in a bailey.
             The game lasted 00:16:19 (9022 turns).

NinjaNoafa the Thaumaturge (DjFE)                   Turns: 9022, Time: 00:16:20

Health: -5/78      AC: 11    Str: 11    XL:     10   Next: 90%
Gold:   484        EV: 12    Int: 27    God:    Makhleb [*.....] SH:  0 Dex: 14

rFire   + + +      SeeInvis .    G - +10 spear of the Tomato {flame, Str+4 Int+6}
rCold   x x .      Faith    .    (no shield)
rNeg    . . .      Spirit   .    J - +1 robe "Ralyzuc" {rElec}
rPois   ∞          Reflect  .    q - +0 helmet
rElec   +          Harm     .    (no cloak)
rCorr   .          Rampage  .    v - +2 pair of gloves
Will    +....                    (boots unavailable)
Stlth   ++........               d - amulet of regeneration
HPRegen 1.13/turn                s - +4 ring of protection
MPRegen 0.00/turn                a - ring of fire

@: animating dead, flying
A: sickness immunity, fire resistance 2, cold vulnerability 1, float, innate
caster, HP casting, extra vitality 1
a: Renounce Religion


You were in a bailey.
You worshipped Makhleb.
Makhleb was aware of your devotion.
You visited 2 branches of the dungeon, and saw 10 of its levels.
You also visited: Bailey.

You collected 484 gold pieces.

Inventory:

Hand Weapons
 G - the +10 spear of the Tomato (weapon) {flame, Str+4 Int+6}
   (You found it on level 6 of the Dungeon)

   It burns those it strikes, dealing additional fire damage.
   Str:       It affects your strength (+4).
   Int:       It affects your intelligence (+6).
Missiles
 e - 65 stones
 k - 9 poisoned darts
 r - 2 javelins
 y - a curare-tipped dart
 z - 4 boomerangs
 C - 2 silver javelins
 F - 5 throwing nets
Armour
 q - a +0 helmet (worn)
 v - a +2 pair of gloves (worn)
 J - the +1 robe "Ralyzuc" (worn) {rElec}
   (You found it on level 7 of the Dungeon)

   rElec:     It insulates you from electricity.
Magical Staves
 u - a staff of poison
 w - a staff of cold
Jewellery
 a - a ring of fire (right hand)
 d - an amulet of regeneration (around neck)
 s - a +4 ring of protection (left hand)
Wands
 I - a wand of mindburst (13)
 K - a wand of flame (27)
Scrolls
 b - a scroll of poison {unknown}
 f - 3 scrolls of blinking
 g - 3 scrolls of magic mapping
 j - 2 scrolls of vulnerability
 n - a scroll of fear
 p - a scroll of enchant armour {unknown}
 x - 7 scrolls of teleportation {unknown}
 A - a scroll of torment
 L - a scroll of brand weapon
 M - 2 scrolls of enchant weapon {unknown}
 N - a scroll of identify
Potions
 c - 8 potions of lignification
 h - 3 potions of curing
 i - 3 potions of degeneration
 l - 3 potions of haste {unknown}
 m - 4 potions of attraction
 o - 3 potions of mutation
 t - 2 potions of cancellation {unknown}
 B - a potion of ambrosia
 E - 2 potions of might {unknown}
 H - a potion of flight {unknown}
 O - a potion of resistance


   Skills:
 + Level 9.4 Fighting
 - Level 2.1 Dodging
 - Level 1.5 Stealth
 + Level 9.7 Spellcasting


You had 5 spell levels left.
You knew the following spells:

 Your Spells              Type           Power      Damage    Failure   Level
a - Foxfire               Conj/Fire      100%       2x1d9     1%          1
b - Scorch                Fire           100%       2d10      1%          2
c - Kindle Blastsparks    Fire/Tloc/Air  100%       2d18      1%          3
d - Inner Flame           Hex/Fire       78%        N/A       1%          3
e - Flame Wave            Conj/Fire      78%        2d17      1%          4
f - Kiss of Death         Conj/Necr      100%       2d13      1%          1
g - Call Imp              Summ           60%        N/A       1%          2
h - Animate Dead          Necr           60%        N/A       1%          4
i - Stone Arrow           Conj/Erth      100%       3d13      1%          3
Your spell library was empty.

Dungeon Overview and Level Annotations

Branches:
Dungeon (9/15)             Temple (1/1) D:6            Lair (0/5) D:8
 Bailey (1/1)
    Orc: D:9-12

Altars:
Cheibriados
Dithmenos
Elyvilon
Fedhas
Makhleb
Nemelex Xobeh
Okawaru
Qazlal
Ru
Trog
Uskayaw
Xom
Yredelemnul
Zin

Shops:
D:2 (   D:6 (

Annotations:
D:4 2 transporters, tinescath's ghost, amateur FoFi


Innate Abilities, Weirdness & Mutations

You are immune to sickness and miasma.
You are immune to poison.
Your flesh is very heat resistant. (rF++)
You are vulnerable to cold. (rC-)
You float through the air rather than walking.
You learn spells naturally, not from books.
Your magical power is your life essence.
You have superior vitality. (+4 MHP)


Message History

You call upon the dead to rise.
The vault guard hits you with a +0 broad axe!
Aiming: Stone Arrow (safe; 1% risk of failure)
Press: ? - help, Q - select action, (/) - cycle Shift-Dir - straight line, f/p - vault guard
Aim: a vault guard, wielding a +0 broad axe and wearing a +0 chain mail (heavily wounded, inner flame, 75% to hit)
The stone arrow hits the vault guard but does no damage.
The vault guard is heavily wounded.
The vault guard hits you with a +0 broad axe!
* * * LOW HITPOINT WARNING * * *
You feel much better.
The vault guard hits you with a +0 broad axe!
There is an open door here.
Casting: Stone Arrow (safe; 1% risk of failure)
Confirm with . or Enter, or press ? or * to list all spells.
You feel a surge of power!
You conjure some foxfire!
The vault guard hits you with a +0 broad axe!!
* * * LOW HITPOINT WARNING * * *
The vault guard barely misses your foxfire.
The foxfire hits the vault guard but does no damage.
The vault guard is heavily wounded.
The foxfire hits the vault guard.
Flame seeps out of the vault guard.
The vault guard is heavily wounded.
The vault guard is engulfed in blazing flames.
Flame seeps out of the vault guard.
Casting: Foxfire (safe; 1% risk of failure)
Confirm with . or Enter, or press ? or * to list all spells.
You feel a surge of power!
You conjure some foxfire!
* * * LOW HITPOINT WARNING * * *
The vault guard hits you with a +0 broad axe!
* * * LOW HITPOINT WARNING * * *
The vault guard hits your foxfire with a +0 broad axe!!
You feel better.
The foxfire hits the vault guard.
Flame seeps out of the vault guard.
The vault guard is almost dead.
The foxfire hits the vault guard.
Flame seeps out of the vault guard.
The vault guard is almost dead.
The vault guard is engulfed in blazing flames.
Flame seeps out of the vault guard.
The vault guard hits you with a +0 broad axe!
You die...

#≈~..≈####......#
#≈v..≈#..'......#
###'###..####'###
#.†...#...##~~~##
#.).p.#.).#~~~~~#
#.)####...#~~~~~#
#..).#..°.#~~~~~#
##......#p#'#~~##
##....##@).####
######.§)..#
#.∩.∩)# #...).#
##..)## #####


You could see a vault guard (inner flame).

Vanquished Creatures
  Prince Ribbit (Bailey)
  A troll (D:7)
  A hornet (D:9)
  Sigmund (D:5)
  6 humans (Bailey)
  2 wyverns (D:8)
  Edmund (D:5)
  A steam dragon (D:8)
  An acid dragon (D:9)
  An orc warrior (D:7)
  A black bear (D:4)
  2 ogres
  3 centaurs
  2 phantoms
  A kobold brigand (D:9)
  14 bullfrogs
  2 gnoll sergeants
  4 scorpions
  2 howler monkeys
  2 orc priests (D:7)
  A hound (D:5)
  3 jellies
  2 gnoll boudas
  3 iguanas
  4 orc wizards
  21 gnolls
  6 adders
  2 white imps
  An ufetubus (D:4)
  2 worms
  2 dart slugs
  16 orcs
  8 bats
  5 endoplasms
  A giant cockroach (D:1)
  8 goblins
  17 hobgoblins
  4 jackals
  9 kobolds
  4 quokkas
  6 ball pythons
  A frilled lizard (D:1)
  A goblin zombie (Bailey)
  4 rats
  A spectral goblin (D:2)
181 creatures vanquished.

Vanquished Creatures (collateral kills)
  An orc wizard (D:7)
  2 gnolls
  A quokka (D:3)
  A ball python (D:3)
  A rat (D:3)
6 creatures vanquished.

Vanquished Creatures (others)
  3 orc zombies (D:7)
  445 foxfires
  5 plants (D:4)
453 creatures vanquished.

Grand Total: 640 creatures vanquished

Notes
Turn   | Place    | Note
-------+----------+-------------------------------------------
     0 | D:1      | NinjaNoafa the Djinni Fire Elementalist began the quest for
                  | the Orb.
     0 | D:1      | NinjaNoafa set off with the following spells memorised:
                  | Foxfire, Scorch, Kindle Blastsparks, Inner Flame, Flame
                  | Wave.
     0 | D:1      | Reached XP level 1. HP: 15/15 MP: 0/0
   140 | D:1      | Reached XP level 2. HP: 18/22 MP: 0/0
   217 | D:1      | Reached skill level 1 in Fighting
   434 | D:1      | Reached XP level 3. HP: 27/27 MP: 0/0
   434 | D:1      | Learned a level 1 spell: Kiss of Death
  1100 | D:2      | Found Upianimu's Weapon Shoppe.
  1177 | D:2      | Found a faded altar of an unknown god.
  1699 | D:3      | Reached XP level 4. HP: 29/32 MP: 0/0
  2207 | D:3      | Noticed an ogre
  2231 | D:3      | Killed an ogre
  2232 | D:3      | Reached XP level 5. HP: 5/39 MP: 0/0
  2232 | D:3      | Learned a level 2 spell: Call Imp
  2893 | D:4      | Noticed a black bear
  2900 | D:4      | Killed a black bear
  2901 | D:4      | Reached XP level 6. HP: 12/46 MP: 0/0
  2907 | D:4      | HP: 2/46 [shot self (3)]
  3214 | D:4      | Reached XP level 7. HP: 17/50 MP: 0/0
  3214 | D:4      | Learned a level 3 spell: Stone Arrow
  3548 | D:4      | Reached skill level 5 in Spellcasting
  3738 | D:4      | Found a transporter.
  3890 | D:4      | Noticed tinescath's ghost (amateur FoFi)
  3909 | D:4      | Found a transporter.
  4059 | D:5      | Entered Level 5 of the Dungeon
  4739 | D:5      | Reached XP level 8. HP: 34/58 MP: 0/0
  4802 | D:5      | Reached skill level 5 in Fighting
  4896 | D:5      | Found a white marble altar of Elyvilon.
  5015 | D:5      | Became a worshipper of Elyvilon the Healer
  5165 | D:5      | Noticed Edmund
  5167 | D:5      | Noticed Sigmund
  5183 | D:5      | Killed Edmund
  5183 | D:5      | Killed Sigmund
  5356 | D:5      | Found a shimmering altar of Xom.
  5534 | D:6      | Found a staircase to the Ecumenical Temple.
  5644 | Temple   | Entered the Ecumenical Temple
  5712 | D:6      | Reached * piety under Elyvilon
  5780 | D:6      | Found Cips's Antique Weapon Shop.
  5949 | D:6      | Reached XP level 9. HP: 49/66 MP: 0/0
  5949 | D:6      | Learned a level 4 spell: Animate Dead
  6038 | Temple   | Fell from the grace of Elyvilon
  6038 | Temple   | Became a worshipper of Makhleb the Destroyer
  6215 | D:6      | Identified the +10 spear of the Tomato {flame, Str+4 Int+6}
  6803 | D:7      | Identified the +1 robe "Ralyzuc" {rElec}
  7111 | D:7      | Reached * piety under Makhleb
  7221 | D:7      | Noticed a troll
  7232 | D:7      | Killed a troll
  7979 | D:8      | Identified the +7 short sword "Momep" {elec, Int+6}
  8035 | D:8      | Found a staircase to the Lair.
  8225 | D:8      | Reached XP level 10. HP: 73/75 MP: 0/0
  8485 | D:8      | Found a sparkling altar of Nemelex Xobeh.
  8703 | D:9      | Found a flagged portal.
  8716 | Bailey   | Entered a bailey
  8863 | Bailey   | Was forgiven by Elyvilon
  8965 | Bailey   | Noticed Prince Ribbit
  8970 | Bailey   | Killed Prince Ribbit
  9003 | Bailey   | Noticed a vault guard
  9021 | Bailey   | HP: 1/78 [vault guard/+0 broad axe (13)]
  9022 | Bailey   | Slain by a vault guard

Illustrated notes

Levels and vault maps discovered:
D:1:      ncdulo_wetmaze, layout_loops_ring, minmay_pentomino_q4
D:2:      layout_loops_cross, serial_shops, nicolae_shop_bloodbath_and_beyond,
          dreamdust_ecumenical_altar_drowned_temple,
          kennysheep_decorative_pillar
D:3:      layout_basic
D:4:      layout_cave_pools, gammafunk_ghost_gnarly_gnolls,
          kennysheep_cross_room
D:5:      nicolae_cairo_tiling, layout_gridville,
          nicolae_overflow_hidden_temple, marbit_many_paths,
          mainiacjoe_overflow_two_lobes, sigmund_edmund_badplayer
D:6:      layout_basic, temple_statues, serial_shops, shop_coins,
          chequers_serial_rivers_room_b
D:7:      layout_cave_pools
D:8:      layout_rooms, nemelex_spade_bored_becter, lair_entry_dummy
D:9:      layout_irregular_city, lemuel_coloured_pillars_altar, enter_bailey_4
Temple:   cyrus_circular_temple
Bailey:   bailey_axe_froggy_fort_hellmonk, bailey

Skill      XL: |  1  2  3  4  5  6  7  8  9 10 |
---------------+-------------------------------+-----
Fighting       | 1 2 3 4 6 7 9 |  9.4
Spellcasting   | 3 4 5 6 8 9 |  9.7
Dodging        | |  2.1
Stealth        | |  1.5

Action                   |  1- 3 |  4- 6 |  7- 9 | 10-12 || total
-------------------------+-------+-------+-------+-------++-------
Melee: Unarmed           |     3 |       |       |       ||     3
       Dagger            |       |    11 |       |       ||    11
       Spear             |       |       |     7 |     5 ||    12
       Punch             |       |       |       |     1 ||     1
 Cast: Foxfire           |    68 |    54 |    63 |   100 ||   285
       Scorch            |    16 |     2 |     2 |       ||    20
       Inner Flame       |       |     4 |    14 |    28 ||    46
       Kindle Blastspark |       |    13 |    25 |     1 ||    39
       Call Imp          |       |     3 |     6 |     3 ||    12
       Flame Wave        |       |     1 |     2 |     2 ||     5
       Stone Arrow       |       |       |    44 |     7 ||    51
       Animate Dead      |       |       |     4 |     3 ||     7
  Use: Scroll            |       |     1 |    15 |       ||    16
       Potion            |       |       |       |     3 ||     3
Armor: Robe              |    10 |    10 |    31 |     2 ||    53
Dodge: Dodged            |    35 |    17 |    67 |    10 ||   129

Table legend: (Time is in decaauts)
 A = Elapsed time spent in this place.
 B = Non-inter-level travel time spent in this place.
 C = Inter-level travel time spent in this place.
 D = Time resting spent in this place.
 E = Time spent auto-exploring this place.
 F = Levels seen in this place.
 G = Mean time per level.
                   A        B        C        D        E       F      G
               +--------+--------+--------+--------+--------+-----+--------+
         Total |   9142 |   8604 |    538 |      0 |   7212 |  11 |  831.1 |
       Dungeon |   8743 |   8247 |    496 |      0 |   7040 |   9 |  971.4 |
        Temple |     93 |     52 |     41 |      0 |     38 |   1 |   93.0 |
        Bailey |    305 |    305 |      0 |      0 |    134 |   1 |  305.0 |
               +--------+--------+--------+--------+--------+-----+--------+

Top non-repeatable levels by time:
     D:3: 1572 daAuts
     D:5: 1425 daAuts
     D:6: 1102 daAuts
     D:7: 1025 daAuts
     D:8: 942 daAuts
     D:1: 877 daAuts
     D:4: 840 daAuts
     D:2: 768 daAuts
  Bailey: 305 daAuts
     D:9: 189 daAuts
  Temple: 93 daAuts
